Connexion

SAN JOSE Sharks vs CAROLINA Hurricanes

Created - 25 novembre 2023 at 08:45

Goals
1 2 3 T
SAN JOSE Sharks 0 1 0 1
CAROLINA Hurricanes 0 0 3 3
Shots
1 2 3 T
SAN JOSE Sharks 5 7 12 24
CAROLINA Hurricanes 10 14 8 32

GoalsPenalties
1st period
No Goal
Owen Power (CAR) for Hooking (Minor) at 11:31
Michael McLeod (S.J) for Interference (Minor) at 11:31
Josh Anderson (S.J) for Holding (Minor) at 14:10
Erik Haula (S.J) for Roughing (Minor) at 16:43
2nd period
1. SAN JOSE Sharks , Lucas Raymond 7 (Marcus Pettersson 24, Christian Jaros 16) at 16:42
Vincent Desharnais (S.J) for Interference (Minor) at 1:33
Nathan Beaulieu (S.J) for Hooking (Minor) at 14:28
3rd period
2. CAROLINA Hurricanes , Jack Hughes 18 (Brett Pesce 23, Ryan Ellis 18) at 5:38
3. CAROLINA Hurricanes , Brandon Sutter 16 (James van Riemsdyk 14, Tyler Motte 17) at 6:29 (PP)
4. CAROLINA Hurricanes , Brandon Sutter 17 (Esa Lindell 18, Tyler Motte 18) at 13:22
Rasmus Ristolainen (S.J) for Hooking (Minor) at 5:43
Curtis Lazar (CAR) for Holding (Minor) at 16:31
Goalie Stats
Jake Oettinger (S.J), 29 saves from 32 shots - (0,906), L, 11-16-0, 60:00 minutes
Ilya Samsonov (CAR), 23 saves from 24 shots - (0,958), W, 21-16-0, 60:00 minutes
3 StarsOfficial
1 - Brandon Sutter (CAR)
2 - Tyler Motte (CAR)
3 - Jack Hughes (CAR)
Referees : Kyle Rehman and Tom Kowal
Linesman : Lonnie Cameron and Lyle Seitz
Game Note
No Game Note
Finance
Level 1 -- Attendance: 5452 (90,87%) -- Ticket Income 654 240 $
Level 2 -- Attendance: 5680 (100,00%) -- Ticket Income 397 600 $
Level 3 -- Attendance: 1979 (98,95%) -- Ticket Income 89 055 $
Level 4 -- Attendance: 3034 (75,85%) -- Ticket Income 121 360 $
Luxury Box -- Attendance: 991 (99,10%) -- Ticket Income 208 110 $
Game was played at the RBC Center.
Total Attendance: 17136 (91,73%)
Total Ticket Income: 1 470 365 $
Other Income: 294 073 $
Total Income: 1 764 438 $



Team Name Goals Shots Shots Attemp Shots Blocked PIM HIT PP PK FO%
SAN JOSE Sharks 12466712150 / 1 (0%)145%
CAROLINA Hurricanes 33261134231 / 5 (20%)055%

SAN JOSE Sharks
Player Name POS G A P +/- PIM HIT SHT SB MP PP MP PP SHT PK MP PK SHT FO% FOT
Brendan PerliniLW/RW000000006:220:0000:1200% 0
Christian JarosD0110000020:110:4904:0900% 0
Cody CeciD000-2001214:000:0000:0000% 0
Connor BrownRW0000001011:280:0000:000100% 1
Derek StepanC/LW/RW000-1003121:431:1003:0100% 1
Erik HaulaC/LW0000220010:530:0000:00042% 12
Josh AndersonRW000020106:140:0000:050100% 1
Lucas RaymondLW1010002011:280:0000:0000% 1
Marcus PetterssonD0111001025:491:1014:3300% 0
Michael McLeodC000021106:090:0000:00067% 3
Mike HoffmanC/LW0000001013:510:4900:000100% 1
Nathan BeaulieuD0000220019:050:4903:0400% 0
Ondrej PalatLW000-1012024:551:1005:24025% 4
Rasmus RistolainenD0001210125:201:1004:0500% 0
Sean Couturier C0000003014:330:4900:42052% 21
Tom WilsonRW0000024017:100:4903:0100% 1
Vincent DesharnaisD000-2250215:320:0001:3300% 0
Zemgus GirgensonsC/LW/RW000-1014124:301:1004:59041% 37
CAROLINA Hurricanes
Player Name POS G A P +/- PIM HIT SHT SB MP PP MP PP SHT PK MP PK SHT FO% FOT
Alexandre TexierC/LW000000002:530:0000:0000% 0
Blake LizotteC000000000:460:0000:0000% 0
Blake WheelerLW/RW000-1001113:010:0000:0000% 0
Brandon SutterC/RW2021007019:404:4320:000100% 1
Brett PesceD0111023125:264:3321:0800% 0
Cam YorkD000-1000212:520:0000:0000% 0
Connor DewarC000000002:530:0000:00050% 2
Curtis LazarC/LW/RW000-1221013:000:0000:00074% 19
Esa LindellD0111023121:424:0930:5100% 0
Jack HughesC1011004125:213:5911:31061% 31
James van RiemsdykLW/RW0111002020:524:4310:28050% 2
KAndre MillerD000-1040214:070:0000:0000% 0
Marcus JohanssonC/LW/RW0001001123:143:5911:31050% 2
Owen PowerD0001213120:264:0920:5100% 0
Pontus AbergLW/RW000-1003213:010:0000:000100% 1
Ryan EllisD0111031125:264:3301:0800% 0
Tyler MotteC/LW/RW0221032019:404:4300:00032% 22
Wayne SimmondsLW/RW0001061021:403:5900:28033% 3



Play-by-Play

1st period


0:01 of 1st period - Jack Hughes wins face-off versus Zemgus Girgensons in neutral zone.
0:11 of 1st period - Icing by Derek Stepan.
0:12 of 1st period - Tyler Motte wins face-off versus Zemgus Girgensons in SAN JOSE Sharks zone.
0:12 of 1st period - Owen Power is hit by Rasmus Ristolainen and loses puck.
0:19 of 1st period - Shot by Brandon Sutter.
0:19 of 1st period - Stopped by Jake Oettinger without a rebound.
0:20 of 1st period - Curtis Lazar wins face-off versus Sean Couturier in SAN JOSE Sharks zone.
0:35 of 1st period - Shot by Pontus Aberg.
0:35 of 1st period - Shot Misses the Net.
0:37 of 1st period - Shot by KAndre Miller.
0:37 of 1st period - Shot Misses the Net.
0:44 of 1st period - Icing by Nathan Beaulieu.
0:45 of 1st period - Sean Couturier wins face-off versus Jack Hughes in SAN JOSE Sharks zone.
0:45 of 1st period - Sean Couturier is hit by Wayne Simmonds.
0:52 of 1st period - Christian Jaros is hit by Ryan Ellis.
2:26 of 1st period - Icing by Derek Stepan.
2:27 of 1st period - Zemgus Girgensons wins face-off versus Curtis Lazar in SAN JOSE Sharks zone.
2:32 of 1st period - Shot by Derek Stepan.
2:32 of 1st period - Shot Misses the Net.
2:34 of 1st period - Shot by Zemgus Girgensons.
2:34 of 1st period - Shot Blocked by KAndre Miller.
2:36 of 1st period - Shot by Zemgus Girgensons.
2:36 of 1st period - Shot Blocked by Blake Wheeler.
3:03 of 1st period - Icing by Marcus Pettersson.
3:04 of 1st period - Connor Dewar wins face-off versus Zemgus Girgensons in SAN JOSE Sharks zone.
3:37 of 1st period - Shot by Jack Hughes.
3:37 of 1st period - Stopped by Jake Oettinger with a rebound.
4:22 of 1st period - Zemgus Girgensons is hit by Esa Lindell and loses puck.
5:11 of 1st period - Tyler Motte is hit by Michael McLeod and loses puck.
5:23 of 1st period - Owen Power is hit by Vincent Desharnais and loses puck.
5:40 of 1st period - Shot by Tom Wilson.
5:40 of 1st period - Shot Misses the Net.
5:42 of 1st period - Shot by Sean Couturier .
5:42 of 1st period - Shot Misses the Net.
5:44 of 1st period - Shot by Sean Couturier .
5:44 of 1st period - Shot Misses the Net.
5:46 of 1st period - Shot by Sean Couturier .
5:46 of 1st period - Shot Misses the Net.
5:48 of 1st period - Shot by Tom Wilson.
5:48 of 1st period - Shot Misses the Net.
5:50 of 1st period - Shot by Sean Couturier .
5:50 of 1st period - Shot Misses the Net.
5:54 of 1st period - Shot by Sean Couturier .
5:54 of 1st period - Stopped by Ilya Samsonov with a rebound.
5:56 of 1st period - Shot by Cody Ceci.
5:56 of 1st period - Shot Misses the Net.
5:58 of 1st period - Shot by Mike Hoffman.
5:58 of 1st period - Deflect By Tom Wilson.
5:58 of 1st period - Stopped by Ilya Samsonov without a rebound.
5:59 of 1st period - Curtis Lazar wins face-off versus Erik Haula in CAROLINA Hurricanes zone.
6:08 of 1st period - Shot by Pontus Aberg.
6:08 of 1st period - Stopped by Jake Oettinger without a rebound.
6:09 of 1st period - Erik Haula wins face-off versus Jack Hughes in SAN JOSE Sharks zone.
6:32 of 1st period - Shot by Jack Hughes.
6:32 of 1st period - Stopped by Jake Oettinger without a rebound.
6:33 of 1st period - Sean Couturier wins face-off versus Curtis Lazar in SAN JOSE Sharks zone.
7:05 of 1st period - Shot by Pontus Aberg.
7:05 of 1st period - Stopped by Jake Oettinger without a rebound.
7:06 of 1st period - Jack Hughes wins face-off versus Erik Haula in SAN JOSE Sharks zone.
7:51 of 1st period - Icing by Rasmus Ristolainen.
7:52 of 1st period - Erik Haula wins face-off versus Curtis Lazar in SAN JOSE Sharks zone.
8:08 of 1st period - Icing by Curtis Lazar.
8:09 of 1st period - Curtis Lazar wins face-off versus Zemgus Girgensons in CAROLINA Hurricanes zone.
8:16 of 1st period - Icing by Zemgus Girgensons.
8:17 of 1st period - Zemgus Girgensons wins face-off versus Tyler Motte in SAN JOSE Sharks zone.
9:26 of 1st period - Christian Jaros is hit by Wayne Simmonds and loses puck.
9:37 of 1st period - Shot by Wayne Simmonds.
9:37 of 1st period - Shot Misses the Net.
9:59 of 1st period - Icing by Zemgus Girgensons.
10:00 of 1st period - Curtis Lazar wins face-off versus Zemgus Girgensons in SAN JOSE Sharks zone.
10:16 of 1st period - Icing by Cam York.
10:17 of 1st period - Curtis Lazar wins face-off versus Sean Couturier in CAROLINA Hurricanes zone.
10:17 of 1st period - Curtis Lazar is hit by Tom Wilson.
10:28 of 1st period - Icing by Rasmus Ristolainen.
10:29 of 1st period - Tyler Motte wins face-off versus Sean Couturier in SAN JOSE Sharks zone.
10:34 of 1st period - Shot by Brandon Sutter.
10:34 of 1st period - Stopped by Jake Oettinger with a rebound.
11:31 of 1st period - Minor Penalty to Owen Power for Hooking.
11:31 of 1st period - Minor Penalty to Michael McLeod for Interference.
11:32 of 1st period - Jack Hughes wins face-off versus Zemgus Girgensons in CAROLINA Hurricanes zone.
12:21 of 1st period - Shot by Derek Stepan.
12:21 of 1st period - Stopped by Ilya Samsonov without a rebound.
12:22 of 1st period - Connor Brown wins face-off versus Wayne Simmonds in CAROLINA Hurricanes zone.
12:29 of 1st period - Shot by Connor Brown.
12:29 of 1st period - Stopped by Ilya Samsonov with a rebound.
12:49 of 1st period - Shot by Connor Brown.
12:49 of 1st period - Shot Misses the Net.
13:49 of 1st period - Owen Power is hit by Vincent Desharnais and loses puck.
14:00 of 1st period - Icing by Vincent Desharnais.
14:01 of 1st period - Josh Anderson wins face-off versus Tyler Motte in SAN JOSE Sharks zone.
14:01 of 1st period - Josh Anderson is hit by Tyler Motte.
14:10 of 1st period - Minor Penalty to Josh Anderson for Holding.
14:11 of 1st period - Zemgus Girgensons wins face-off versus Marcus Johansson in SAN JOSE Sharks zone.
15:42 of 1st period - Shot by Owen Power.
15:42 of 1st period - Stopped by Jake Oettinger without a rebound.
15:43 of 1st period - Zemgus Girgensons wins face-off versus Tyler Motte in SAN JOSE Sharks zone.
16:24 of 1st period - Connor Brown is hit by Curtis Lazar and loses puck.
16:43 of 1st period - Minor Penalty to Erik Haula for Roughing.
16:44 of 1st period - Jack Hughes wins face-off versus Zemgus Girgensons in SAN JOSE Sharks zone.
17:34 of 1st period - Brett Pesce is hit by Nathan Beaulieu.
17:49 of 1st period - Icing by James van Riemsdyk.
17:50 of 1st period - Zemgus Girgensons wins face-off versus Tyler Motte in CAROLINA Hurricanes zone.
17:53 of 1st period - Shot by Zemgus Girgensons.
17:53 of 1st period - Shot Blocked by Owen Power.
17:56 of 1st period - Icing by Esa Lindell.
17:57 of 1st period - Zemgus Girgensons wins face-off versus Tyler Motte in CAROLINA Hurricanes zone.
18:08 of 1st period - Shot by Brandon Sutter.
18:08 of 1st period - Stopped by Jake Oettinger without a rebound.
18:09 of 1st period - Ondrej Palat wins face-off versus Tyler Motte in SAN JOSE Sharks zone.
18:32 of 1st period - Shot by James van Riemsdyk.
18:32 of 1st period - Stopped by Jake Oettinger with a rebound.
18:44 of 1st period - Shot by Owen Power.
18:44 of 1st period - Stopped by Jake Oettinger without a rebound.
18:45 of 1st period - Erik Haula wins face-off versus Jack Hughes in SAN JOSE Sharks zone.
19:44 of 1st period - Shot by Derek Stepan.
19:44 of 1st period - Shot Blocked by Jack Hughes.
19:46 of 1st period - Shot by Zemgus Girgensons.
19:46 of 1st period - Shot Misses the Net.
19:48 of 1st period - Shot by Marcus Pettersson.
19:48 of 1st period - Shot Misses the Net.
19:50 of 1st period - Shot by Rasmus Ristolainen.
19:50 of 1st period - Shot Misses the Net.
19:52 of 1st period - Shot by Zemgus Girgensons.
19:52 of 1st period - Shot Misses the Net.
19:54 of 1st period - Shot by Derek Stepan.
19:54 of 1st period - Stopped by Ilya Samsonov without a rebound.
19:55 of 1st period - Sean Couturier wins face-off versus Tyler Motte in CAROLINA Hurricanes zone.
Goals for this period are 0 for SAN JOSE Sharks vs 0 for CAROLINA Hurricanes .
Shots for this period are 5 for SAN JOSE Sharks vs 10 for CAROLINA Hurricanes .

2nd period


0:01 of 2nd period - Zemgus Girgensons wins face-off versus Jack Hughes in neutral zone.
0:03 of 2nd period - Off-side.
0:04 of 2nd period - Jack Hughes wins face-off versus Zemgus Girgensons in neutral zone.
0:23 of 2nd period - Shot by Ryan Ellis.
0:23 of 2nd period - Stopped by Jake Oettinger without a rebound.
0:24 of 2nd period - Sean Couturier wins face-off versus Tyler Motte in SAN JOSE Sharks zone.
0:42 of 2nd period - Icing by Tyler Motte.
0:43 of 2nd period - Zemgus Girgensons wins face-off versus Tyler Motte in CAROLINA Hurricanes zone.
1:04 of 2nd period - Shot by Tyler Motte.
1:04 of 2nd period - Shot Misses the Net.
1:06 of 2nd period - Shot by Tyler Motte.
1:06 of 2nd period - Deflect By Brandon Sutter.
1:06 of 2nd period - Stopped by Jake Oettinger without a rebound.
1:07 of 2nd period - Wayne Simmonds wins face-off versus Tom Wilson in SAN JOSE Sharks zone.
1:33 of 2nd period - Minor Penalty to Vincent Desharnais for Interference.
1:34 of 2nd period - Zemgus Girgensons wins face-off versus James van Riemsdyk in SAN JOSE Sharks zone.
1:56 of 2nd period - Shot by Owen Power.
1:56 of 2nd period - Shot Misses the Net.
2:04 of 2nd period - Shot by Esa Lindell.
2:04 of 2nd period - Shot Misses the Net.
2:06 of 2nd period - Shot by Esa Lindell.
2:06 of 2nd period - Stopped by Jake Oettinger without a rebound.
2:07 of 2nd period - Zemgus Girgensons wins face-off versus Jack Hughes in SAN JOSE Sharks zone.
2:22 of 2nd period - Shot by Ryan Ellis.
2:22 of 2nd period - Shot Misses the Net.
2:24 of 2nd period - Shot by Marcus Johansson.
2:24 of 2nd period - Shot Misses the Net.
2:55 of 2nd period - Icing by Brett Pesce.
2:56 of 2nd period - Jack Hughes wins face-off versus Zemgus Girgensons in CAROLINA Hurricanes zone.
3:46 of 2nd period - Pontus Aberg is hit by Vincent Desharnais and loses puck.
4:53 of 2nd period - Shot by Sean Couturier .
4:53 of 2nd period - Shot Misses the Net.
6:03 of 2nd period - Shot by Jack Hughes.
6:03 of 2nd period - Shot Blocked by Derek Stepan.
6:05 of 2nd period - Shot by Ryan Ellis.
6:05 of 2nd period - Shot Blocked by Zemgus Girgensons.
6:34 of 2nd period - Shot by Connor Dewar.
6:34 of 2nd period - Shot Blocked by Vincent Desharnais.
6:54 of 2nd period - Shot by Josh Anderson.
6:54 of 2nd period - Stopped by Ilya Samsonov with a rebound.
7:44 of 2nd period - Shot by Curtis Lazar.
7:44 of 2nd period - Shot Misses the Net.
7:46 of 2nd period - Shot by Curtis Lazar.
7:46 of 2nd period - Shot Misses the Net.
9:21 of 2nd period - Shot by Derek Stepan.
9:21 of 2nd period - Stopped by Ilya Samsonov without a rebound.
9:22 of 2nd period - Jack Hughes wins face-off versus Sean Couturier in CAROLINA Hurricanes zone.
10:01 of 2nd period - Shot by Tom Wilson.
10:01 of 2nd period - Stopped by Ilya Samsonov without a rebound.
10:02 of 2nd period - Curtis Lazar wins face-off versus Erik Haula in CAROLINA Hurricanes zone.
10:02 of 2nd period - Curtis Lazar is hit by Erik Haula.
10:07 of 2nd period - Icing by Cam York.
10:08 of 2nd period - Curtis Lazar wins face-off versus Zemgus Girgensons in CAROLINA Hurricanes zone.
10:31 of 2nd period - Shot by Ondrej Palat.
10:31 of 2nd period - Shot Blocked by Cam York.
11:23 of 2nd period - Shot by Tom Wilson.
11:23 of 2nd period - Shot Misses the Net.
12:06 of 2nd period - Shot by Lucas Raymond.
12:06 of 2nd period - Shot Misses the Net.
12:47 of 2nd period - Icing by Connor Brown.
12:48 of 2nd period - Tyler Motte wins face-off versus Erik Haula in SAN JOSE Sharks zone.
13:23 of 2nd period - Shot by Tyler Motte.
13:23 of 2nd period - Stopped by Jake Oettinger without a rebound.
13:24 of 2nd period - Curtis Lazar wins face-off versus Sean Couturier in SAN JOSE Sharks zone.
13:39 of 2nd period - Shot by Pontus Aberg.
13:39 of 2nd period - Stopped by Jake Oettinger with a rebound.
13:49 of 2nd period - Shot by Tom Wilson.
13:49 of 2nd period - Stopped by Ilya Samsonov without a rebound.
13:50 of 2nd period - Zemgus Girgensons wins face-off versus Tyler Motte in CAROLINA Hurricanes zone.
13:50 of 2nd period - Ondrej Palat is hit by Brett Pesce and loses puck.
14:09 of 2nd period - Shot by Tyler Motte.
14:09 of 2nd period - Shot Misses the Net.
14:11 of 2nd period - Shot by James van Riemsdyk.
14:11 of 2nd period - Shot Blocked by Cody Ceci.
14:13 of 2nd period - Shot by James van Riemsdyk.
14:13 of 2nd period - Stopped by Jake Oettinger without a rebound.
14:14 of 2nd period - Sean Couturier wins face-off versus Curtis Lazar in SAN JOSE Sharks zone.
14:19 of 2nd period - Christian Jaros is hit by Curtis Lazar.
14:28 of 2nd period - Minor Penalty to Nathan Beaulieu for Hooking.
14:29 of 2nd period - Jack Hughes wins face-off versus Zemgus Girgensons in SAN JOSE Sharks zone.
14:40 of 2nd period - Shot by Ryan Ellis.
14:40 of 2nd period - Deflect By Marcus Johansson.
14:40 of 2nd period - Stopped by Jake Oettinger with a rebound.
14:48 of 2nd period - Shot by Jack Hughes.
14:48 of 2nd period - Shot Misses the Net.
14:50 of 2nd period - Shot by Jack Hughes.
14:50 of 2nd period - Stopped by Jake Oettinger without a rebound.
14:51 of 2nd period - Tyler Motte wins face-off versus Zemgus Girgensons in SAN JOSE Sharks zone.
15:03 of 2nd period - Brandon Sutter is hit by Vincent Desharnais and loses puck.
15:16 of 2nd period - Shot by Esa Lindell.
15:16 of 2nd period - Stopped by Jake Oettinger with a rebound.
15:18 of 2nd period - Shot by Esa Lindell.
15:18 of 2nd period - Stopped by Jake Oettinger with a rebound.
15:20 of 2nd period - Shot by Esa Lindell.
15:20 of 2nd period - Shot Misses the Net.
15:22 of 2nd period - Shot by Owen Power.
15:22 of 2nd period - Stopped by Jake Oettinger without a rebound.
15:23 of 2nd period - Jack Hughes wins face-off versus Derek Stepan in SAN JOSE Sharks zone.
15:24 of 2nd period - Shot by Brett Pesce.
15:24 of 2nd period - Shot Blocked by Rasmus Ristolainen.
15:26 of 2nd period - Shot by Brett Pesce.
15:26 of 2nd period - Stopped by Jake Oettinger without a rebound.
15:27 of 2nd period - Jack Hughes wins face-off versus Zemgus Girgensons in SAN JOSE Sharks zone.
15:30 of 2nd period - Shot by Brett Pesce.
15:30 of 2nd period - Shot Misses the Net.
15:56 of 2nd period - Shot by Ryan Ellis.
15:56 of 2nd period - Shot Blocked by Vincent Desharnais.
15:58 of 2nd period - Shot by Brett Pesce.
15:58 of 2nd period - Stopped by Jake Oettinger without a rebound.
15:59 of 2nd period - Zemgus Girgensons wins face-off versus Tyler Motte in SAN JOSE Sharks zone.
16:19 of 2nd period - Tom Wilson is hit by Owen Power and loses puck.
16:42 of 2nd period - Shot by Lucas Raymond.
16:42 of 2nd period - Goal by Lucas Raymond - SAN JOSE Sharks : 1 - CAROLINA Hurricanes : 0.
16:43 of 2nd period - Jack Hughes wins face-off versus Michael McLeod in neutral zone.
16:49 of 2nd period - Icing by Brendan Perlini.
16:50 of 2nd period - Michael McLeod wins face-off versus Jack Hughes in SAN JOSE Sharks zone.
16:50 of 2nd period - Michael McLeod is hit by Wayne Simmonds.
17:00 of 2nd period - Icing by Wayne Simmonds.
17:01 of 2nd period - Jack Hughes wins face-off versus Ondrej Palat in CAROLINA Hurricanes zone.
17:20 of 2nd period - Zemgus Girgensons is hit by Wayne Simmonds and loses puck.
17:24 of 2nd period - Christian Jaros is hit by Wayne Simmonds.
18:11 of 2nd period - Off-side.
18:12 of 2nd period - Curtis Lazar wins face-off versus Erik Haula in neutral zone.
18:14 of 2nd period - KAndre Miller is hit by Erik Haula and loses puck.
18:18 of 2nd period - Off-side.
18:19 of 2nd period - Curtis Lazar wins face-off versus Sean Couturier in neutral zone.
18:42 of 2nd period - Shot by Tom Wilson.
18:42 of 2nd period - Shot Blocked by Esa Lindell.
18:44 of 2nd period - Shot by Rasmus Ristolainen.
18:44 of 2nd period - Deflect By Sean Couturier .
18:44 of 2nd period - Stopped by Ilya Samsonov without a rebound.
18:45 of 2nd period - Erik Haula wins face-off versus Wayne Simmonds in CAROLINA Hurricanes zone.
19:02 of 2nd period - Shot by Marcus Johansson.
19:02 of 2nd period - Shot Misses the Net.
19:04 of 2nd period - Shot by Brett Pesce.
19:04 of 2nd period - Stopped by Jake Oettinger without a rebound.
19:05 of 2nd period - Tyler Motte wins face-off versus Zemgus Girgensons in SAN JOSE Sharks zone.
19:14 of 2nd period - Tyler Motte is hit by Zemgus Girgensons and loses puck.
19:21 of 2nd period - Shot by Ondrej Palat.
19:21 of 2nd period - Stopped by Ilya Samsonov without a rebound.
19:22 of 2nd period - Sean Couturier wins face-off versus Jack Hughes in CAROLINA Hurricanes zone.
19:28 of 2nd period - Icing by Wayne Simmonds.
19:29 of 2nd period - Marcus Johansson wins face-off versus Zemgus Girgensons in CAROLINA Hurricanes zone.
19:29 of 2nd period - Marcus Johansson is hit by Ondrej Palat.
Goals for this period are 1 for SAN JOSE Sharks vs 0 for CAROLINA Hurricanes .
Shots for this period are 7 for SAN JOSE Sharks vs 14 for CAROLINA Hurricanes .

3rd period


0:01 of 3rd period - Jack Hughes wins face-off versus Zemgus Girgensons in neutral zone.
0:18 of 3rd period - Shot by Zemgus Girgensons.
0:18 of 3rd period - Stopped by Ilya Samsonov without a rebound.
0:19 of 3rd period - Sean Couturier wins face-off versus Tyler Motte in CAROLINA Hurricanes zone.
0:22 of 3rd period - Shot by Mike Hoffman.
0:22 of 3rd period - Stopped by Ilya Samsonov without a rebound.
0:23 of 3rd period - Zemgus Girgensons wins face-off versus Jack Hughes in CAROLINA Hurricanes zone.
0:28 of 3rd period - Shot by Zemgus Girgensons.
0:28 of 3rd period - Shot Blocked by Marcus Johansson.
0:37 of 3rd period - Ondrej Palat is hit by Ryan Ellis and loses puck.
0:46 of 3rd period - Marcus Pettersson is hit by Wayne Simmonds and loses puck.
0:55 of 3rd period - Shot by Marcus Pettersson.
0:55 of 3rd period - Deflect By Zemgus Girgensons.
0:55 of 3rd period - Stopped by Ilya Samsonov with a rebound.
1:24 of 3rd period - Off-side.
1:25 of 3rd period - Curtis Lazar wins face-off versus Sean Couturier in neutral zone.
1:32 of 3rd period - Shot by Curtis Lazar.
1:32 of 3rd period - Shot Misses the Net.
1:34 of 3rd period - Shot by Blake Wheeler.
1:34 of 3rd period - Stopped by Jake Oettinger without a rebound.
1:35 of 3rd period - Tyler Motte wins face-off versus Erik Haula in SAN JOSE Sharks zone.
2:10 of 3rd period - Shot by Brandon Sutter.
2:10 of 3rd period - Stopped by Jake Oettinger without a rebound.
2:11 of 3rd period - Jack Hughes wins face-off versus Sean Couturier in SAN JOSE Sharks zone.
2:45 of 3rd period - Tom Wilson is hit by Ryan Ellis and loses puck.
2:54 of 3rd period - Shot by Mike Hoffman.
2:54 of 3rd period - Shot Blocked by Ryan Ellis.
3:15 of 3rd period - Icing by Zemgus Girgensons.
3:16 of 3rd period - Zemgus Girgensons wins face-off versus Tyler Motte in SAN JOSE Sharks zone.
3:16 of 3rd period - Zemgus Girgensons is hit by Tyler Motte.
3:43 of 3rd period - Shot by Ondrej Palat.
3:43 of 3rd period - Stopped by Ilya Samsonov without a rebound.
3:44 of 3rd period - Curtis Lazar wins face-off versus Lucas Raymond in CAROLINA Hurricanes zone.
4:16 of 3rd period - Connor Brown is hit by KAndre Miller and loses puck.
4:23 of 3rd period - Shot by Connor Brown.
4:23 of 3rd period - Shot Blocked by Pontus Aberg.
4:25 of 3rd period - Shot by Connor Brown.
4:25 of 3rd period - Shot Blocked by Cam York.
4:43 of 3rd period - Shot by Mike Hoffman.
4:43 of 3rd period - Shot Blocked by Pontus Aberg.
4:58 of 3rd period - Shot by Sean Couturier .
4:58 of 3rd period - Deflect By Mike Hoffman.
4:58 of 3rd period - Shot Misses the Net.
5:00 of 3rd period - Shot by Rasmus Ristolainen.
5:00 of 3rd period - Shot Misses the Net.
5:02 of 3rd period - Shot by Marcus Pettersson.
5:02 of 3rd period - Shot Misses the Net.
5:04 of 3rd period - Shot by Tom Wilson.
5:04 of 3rd period - The goal is going for a video replay.
5:04 of 3rd period - The goal is refused.
5:05 of 3rd period - Jack Hughes wins face-off versus Zemgus Girgensons in CAROLINA Hurricanes zone.
5:24 of 3rd period - Shot by Marcus Johansson.
5:24 of 3rd period - Shot Misses the Net.
5:26 of 3rd period - Shot by Marcus Johansson.
5:26 of 3rd period - Shot Misses the Net.
5:28 of 3rd period - Shot by Brett Pesce.
5:28 of 3rd period - Shot Misses the Net.
5:30 of 3rd period - Shot by Wayne Simmonds.
5:30 of 3rd period - Stopped by Jake Oettinger with a rebound.
5:38 of 3rd period - Shot by Jack Hughes.
5:38 of 3rd period - Goal by Jack Hughes - SAN JOSE Sharks : 1 - CAROLINA Hurricanes : 1.
5:39 of 3rd period - Sean Couturier wins face-off versus Tyler Motte in neutral zone.
5:43 of 3rd period - Minor Penalty to Rasmus Ristolainen for Hooking.
5:44 of 3rd period - Tyler Motte wins face-off versus Zemgus Girgensons in SAN JOSE Sharks zone.
6:29 of 3rd period - Shot by James van Riemsdyk.
6:29 of 3rd period - Deflect By Brandon Sutter.
6:29 of 3rd period - Goal by Brandon Sutter - SAN JOSE Sharks : 1 - CAROLINA Hurricanes : 2.
6:30 of 3rd period - Erik Haula wins face-off versus Jack Hughes in neutral zone.
7:05 of 3rd period - Shot by Erik Haula.
7:05 of 3rd period - Shot Misses the Net.
7:07 of 3rd period - Shot by Lucas Raymond.
7:07 of 3rd period - Shot Misses the Net.
7:28 of 3rd period - Marcus Pettersson is hit by KAndre Miller.
7:37 of 3rd period - Curtis Lazar is hit by Nathan Beaulieu and loses puck.
7:44 of 3rd period - Shot by Zemgus Girgensons.
7:44 of 3rd period - Shot Blocked by KAndre Miller.
7:46 of 3rd period - Shot by Ondrej Palat.
7:46 of 3rd period - Shot Misses the Net.
7:48 of 3rd period - Shot by Derek Stepan.
7:48 of 3rd period - Shot Misses the Net.
7:54 of 3rd period - Shot by Ondrej Palat.
7:54 of 3rd period - Shot Misses the Net.
8:01 of 3rd period - Zemgus Girgensons is hit by KAndre Miller and loses puck.
8:41 of 3rd period - Icing by Esa Lindell.
8:42 of 3rd period - Sean Couturier wins face-off versus Tyler Motte in CAROLINA Hurricanes zone.
8:45 of 3rd period - Shot by Tom Wilson.
8:45 of 3rd period - Deflect By Sean Couturier .
8:45 of 3rd period - Stopped by Ilya Samsonov without a rebound.
8:46 of 3rd period - Mike Hoffman wins face-off versus Jack Hughes in CAROLINA Hurricanes zone.
8:51 of 3rd period - Shot by Sean Couturier .
8:51 of 3rd period - Shot Misses the Net.
9:03 of 3rd period - Shot by Tom Wilson.
9:03 of 3rd period - Shot Misses the Net.
9:05 of 3rd period - Shot by Cody Ceci.
9:05 of 3rd period - Stopped by Ilya Samsonov without a rebound.
9:06 of 3rd period - Brandon Sutter wins face-off versus Erik Haula in CAROLINA Hurricanes zone.
9:30 of 3rd period - Shot by Tyler Motte.
9:30 of 3rd period - Shot Misses the Net.
9:38 of 3rd period - Shot by Lucas Raymond.
9:38 of 3rd period - Stopped by Ilya Samsonov without a rebound.
9:39 of 3rd period - Sean Couturier wins face-off versus Jack Hughes in CAROLINA Hurricanes zone.
10:49 of 3rd period - Shot by Zemgus Girgensons.
10:49 of 3rd period - Stopped by Ilya Samsonov with a rebound.
10:55 of 3rd period - Rasmus Ristolainen is hit by Tyler Motte.
11:09 of 3rd period - Shot by Derek Stepan.
11:09 of 3rd period - Shot Misses the Net.
11:30 of 3rd period - Icing by Rasmus Ristolainen.
11:31 of 3rd period - Pontus Aberg wins face-off versus Zemgus Girgensons in SAN JOSE Sharks zone.
11:44 of 3rd period - Shot by Curtis Lazar.
11:44 of 3rd period - Stopped by Jake Oettinger without a rebound.
11:45 of 3rd period - Sean Couturier wins face-off versus Connor Dewar in SAN JOSE Sharks zone.
12:24 of 3rd period - Jack Hughes is hit by Tom Wilson and loses puck.
13:16 of 3rd period - Shot by Tyler Motte.
13:16 of 3rd period - Shot Blocked by Cody Ceci.
13:18 of 3rd period - Shot by Esa Lindell.
13:18 of 3rd period - Shot Misses the Net.
13:22 of 3rd period - Shot by Brandon Sutter.
13:22 of 3rd period - Goal by Brandon Sutter - SAN JOSE Sharks : 1 - CAROLINA Hurricanes : 3.
13:23 of 3rd period - Michael McLeod wins face-off versus Curtis Lazar in neutral zone.
13:25 of 3rd period - Rasmus Ristolainen is hit by KAndre Miller and loses puck.
13:30 of 3rd period - Shot by Michael McLeod.
13:30 of 3rd period - Stopped by Ilya Samsonov without a rebound.
13:31 of 3rd period - Curtis Lazar wins face-off versus Ondrej Palat in CAROLINA Hurricanes zone.
13:53 of 3rd period - Shot by Zemgus Girgensons.
13:53 of 3rd period - Shot Misses the Net.
15:01 of 3rd period - Shot by Michael McLeod.
15:01 of 3rd period - Shot Blocked by Brett Pesce.
15:31 of 3rd period - Brendan Perlini is hit by Esa Lindell and loses puck.
15:49 of 3rd period - Brandon Sutter is hit by Vincent Desharnais and loses puck.
16:05 of 3rd period - Icing by Owen Power.
16:06 of 3rd period - James van Riemsdyk wins face-off versus Zemgus Girgensons in CAROLINA Hurricanes zone.
16:17 of 3rd period - Shot by Tyler Motte.
16:17 of 3rd period - Deflect By James van Riemsdyk.
16:17 of 3rd period - Shot Misses the Net.
16:25 of 3rd period - Shot by Zemgus Girgensons.
16:25 of 3rd period - Shot Misses the Net.
16:27 of 3rd period - Shot by Zemgus Girgensons.
16:27 of 3rd period - Stopped by Ilya Samsonov without a rebound.
16:28 of 3rd period - Curtis Lazar wins face-off versus Sean Couturier in CAROLINA Hurricanes zone.
16:31 of 3rd period - Minor Penalty to Curtis Lazar for Holding.
16:32 of 3rd period - Jack Hughes wins face-off versus Zemgus Girgensons in CAROLINA Hurricanes zone.
16:49 of 3rd period - Shot by Marcus Pettersson.
16:49 of 3rd period - Stopped by Ilya Samsonov without a rebound.
16:50 of 3rd period - Jack Hughes wins face-off versus Sean Couturier in CAROLINA Hurricanes zone.
17:16 of 3rd period - Sean Couturier is hit by Brett Pesce and loses puck.
17:45 of 3rd period - Off-side.
17:46 of 3rd period - Jack Hughes wins face-off versus Zemgus Girgensons in neutral zone.
17:48 of 3rd period - Off-side.
17:49 of 3rd period - Jack Hughes wins face-off versus Ondrej Palat in neutral zone.
19:48 of 3rd period - Shot by Tyler Motte.
19:48 of 3rd period - Stopped by Jake Oettinger without a rebound.
19:49 of 3rd period - Zemgus Girgensons wins face-off versus Jack Hughes in SAN JOSE Sharks zone.
Goals for this period are 0 for SAN JOSE Sharks vs 3 for CAROLINA Hurricanes .
Shots for this period are 12 for SAN JOSE Sharks vs 8 for CAROLINA Hurricanes .